cohdb
Replays
Latest Replays
All Replays
Popular Replays
Top Player Replays
Match Explorer
How It Works
Community
CoH3 Stats
Reddit
Sign in to upload your games and track your stats! →
Sign in with Steam
Match 41669573
Unlisted
Match 41669573
Overview
Messages
Build Orders
End
Kettenkrad Recon Vehicle
Construct Infanterie Kompanie
Selects Terror Battlegroup
Selects Terror Battlegroup
Selects Machine Gun Camouflage
MG 42 Machine Gun Team
MG 42 Machine Gun Team
MG 42 Machine Gun Team
Construct Panzergrenadier Kompanie
251 Medium Carrier
Medical Station
Panzergrenadier Squad
Panzergrenadier Officer Quarters
Pak 40 Anti-tank Gun Team
251 Medium Carrier
Selects Contempt for the Weak
Pak 40 Anti-tank Gun Team
Panzergrenadier Squad
Felisia_P
Xeravex
Mage
vincent
Vladolf Putler
x gon give it to ya
Boris Britva
wpedsa
0
0
Comments
sign in to comment!
No comments posted yet!